steve, chaotic male elven Priest -------- |......| #--------------------------- ----- |..@u..-######|.........[)....................| |......| #|.---------.--.....------.-----.| |.........| # |.|(((|...|. |.|.)..|.|..|.. |.| |...........###### |.|(((|...|..|.|.(%.|.(..|....|.| ------------ # |.|(((|...|..-.|....|.|..|....|.| ########-.------------.------.---------.| |...............................| --------------------------------- steve the Adept Experience level: 7 Strength: 13 Dexterity: 15 Constitution: 13 Intelligence: 9 Wisdom: 20 Charisma: 9 Health: 0(41) Energy: 141(141) AC: -2 Gold: 626 Moves: 3755 Your Inventory: Coins $ - 626 gold pieces Amulets E - an uncursed amulet of life saving Weapons a - a blessed +1 mace (weapon in hand) s - 4 uncursed [+0] daggers (in quiver) Armor b - an uncursed +0 robe (being worn) c - an uncursed +0 small shield (being worn) l - a blessed +1 leather armor (being worn) r - an uncursed +1 hard hat [dwarvish iron helm] (being worn) x - an uncursed +0 hooded cloak [dwarvish] H - an uncursed [+0] hooded cloak [dwarvish] I - a blessed +1 pair of hard shoes [iron] (being worn) Comestibles e - an uncursed clove of garlic f - an uncursed sprig of wolfsbane g - a cursed food ration o - an uncursed food ration q - 2 uncursed cram rations y - an uncursed lizard corpse B - an uncursed partly eaten food ration Z - 2 uncursed fortune cookies Scrolls j - an uncursed scroll of identify v - an uncursed scroll labeled VAS CORP BET MANI [of enchant weapon] F - a cursed scroll of teleportation Potions w - an uncursed sky blue potion [of sleeping] M - an uncursed potion of speed Wands u - an uncursed wand of magic missile (0:0) A - an uncursed wand called nothing? [of nothing (0:7)] Tools k - an uncursed key [skeleton key] n - an uncursed tin whistle p - an uncursed blindfold z - an uncursed bag [oilskin sack] D - an uncursed [tallow] candle N - an uncursed magic lamp (lit) Gems C - an uncursed orange gem [worthless glass] J - 2 uncursed red gems [worthless glass] K - an uncursed violet gem [worthless glass] Contents of the oilskin sack: 2 potions of holy water Spells known in the end: Name Level Category Fail Memory a - detect monsters 1 divination 0% [|||||||.] b - extra healing 3 healing 57% [|||||||.] Your skills at the end: Fighting Skills Weapon Skills mace [Skilled / Expert] Spellcasting Skills clerical spells [Basic / Expert] Final Attributes: You were piously aligned. Hunger level was 437. Your alignment was 28 / 28. Monster difficulty range was 1 - 6. Level difficulty was 6. You were immune to sleep. You saw invisible. You had infravision. Your luck was zero. You are dead. Vanquished creatures: a quivering blob a dwarf mummy a lizard a housecat 2 apes an imp 3 Mordor orcs an orc shaman a rock mole a shrieker a violet fungus 3 gnome lords 2 gnomish wizards a golden naga hatchling a wax golem a giant ant a little dog a floating eye 5 dwarves 2 rabid rats 4 orc zombies a dwarf zombie 2 iguanas a hobbit a yellow mold 26 gnomes a gnome zombie 3 geckos 6 jackals 2 sewer rats 3 grid bugs a lichen a kobold zombie 7 newts 90 creatures vanquished. Voluntary challenges: You used a wielded weapon 125 times. You read items or engraved 102 times. You put on armor 26 times. You never genocided any monsters. You never polymorphed an object. You never changed form. You used no wishes. You wrote Elbereth's name 57 times. You encountered 1 bones level. You never used any Sokoban shortcuts. Dungeon overview: The Dungeons of Doom: levels 1 to 6 Level 1 some fountains a long staircase Level 3 stairs to The Gnomish Mines Level 4 an altar, a fountain Level 5 some fountains, a sink The Gnomish Mines: levels 4 to 7 Level 4 stairs to The Dungeons of Doom Level 7 <- You were here many shops, a temple, a magic chest, some fountains History has recorded: On T:1 you entered the Dungeons of Doom to retrieve the Amulet of Yendor! On T:119 you reached level 2 of The Dungeons of Doom. On T:341 you reached level 3 of The Dungeons of Doom. On T:449 you advanced to experience level 2. On T:670 you reached level 4 of The Dungeons of Doom. On T:855 you advanced to experience level 3. On T:1267 you advanced to experience level 4. On T:1349 you reached level 5 of The Dungeons of Doom. On T:1502 you reached level 6 of The Dungeons of Doom. On T:1754 you reached level 1 of The Gnomish Mines. On T:1777 you advanced to experience level 5. On T:2052 you reached level 2 of The Gnomish Mines. On T:2080 you reached level 3 of The Gnomish Mines. On T:2108 you reached level 4 of The Gnomish Mines. On T:2183 you advanced to experience level 6. On T:2764 you advanced to experience level 7. Latest messages: The ape bites! [HP-5=34] You kill the ape! The housecat eats an ape corpse. You destroy the orc zombie! The white unicorn butts! The white unicorn kicks! The white unicorn misses. The white unicorn kicks! [HP-6=28] You miss the white unicorn. The white unicorn butts! The white unicorn misses. The white unicorn butts! The white unicorn misses. [HP-14=14] You feel an absence of magical power. The white unicorn butts! The white unicorn misses. The white unicorn butts! You die... Final status: Goodbye steve the Priest... You died in The Gnomish Mines on dungeon level 6 with 4010 points, and 626 pieces of gold, after 3755 moves. You were level 7 with a maximum of 41 hit points when you died.